[ AOE2 MATCH · #494592861 ]
UnrankedIncas vs Burgundians
Player's team · WIN
Rival team · LOSS
[ REPLAY ANALYSIS · EXTRACTED FROM THE RECORDED GAME ]
Feudal
8:54
Castle
27:29
Imperial
—
| APM avg | 87.0 |
| APM peak | 118 |
| eAPM avg | 34.5 |
| Villagers / military | 69 / 30 |
Focus
⚔️ 39.7% · 🌾 60.3%
Archer ×30 · Unknown (2550) ×16
Feudal
9:06
Castle
28:21
Imperial
—
| APM avg | 69.4 |
| APM peak | 102 |
| eAPM avg | 34.4 |
| Villagers / military | 58 / 61 |
Focus
⚔️ 57.2% · 🌾 42.8%
Skirmisher ×34 · Flemish Militia ×24 · Archer ×3
Match map
Initial resources + every placement click. Lines = walls · curves = elevation contours. ◆ gold · ⬟ stone · ● berries · ✦ relic · ◌ wall gap
Your base· Open — unwalled flank
OJP's base· Open — 3t gap
Smoothed initial terrain · ◌ = detected wall gap · hover for details
Inputs per minute
— Speed - - OJP
Build order — Speed
First 150 of 224 actions detected
| 0:00 | Create | Villager (Male) |
| 0:01 | Create | Villager (Male) |
| 0:01 | Create | Villager (Male) |
| 0:02 | Build | House |
| 0:03 | Build | House |
| 1:07 | Create | Villager (Male) |
| 1:28 | Create | Villager (Male) |
| 1:50 | Build | Settlement |
| 2:02 | Create | Villager (Male) |
| 2:22 | Create | Villager (Male) |
| 2:50 | Create | Villager (Male) |
| 3:15 | Create | Villager (Male) |
| 3:15 | Create | Villager (Male) |
| 4:04 | Create | Villager (Male) |
| 4:27 | Create | Villager (Male) |
| 4:56 | Build | Barracks |
| 4:59 | Create | Villager (Male) |
| 5:19 | Create | Villager (Male) |
| 5:43 | Create | Villager (Male) |
| 5:46 | Research | Loom |
| 6:39 | Create | Villager (Male) |
| 6:44 | Research | Feudal Age |
| 6:45 | Research | Feudal Age |
| 6:57 | Create | Unit 2550 |
| 6:58 | Create | Unit 2550 |
| 7:26 | Build | Settlement |
| 7:33 | Create | Unit 2550 |
| 8:16 | Create | Unit 2550 |
| 8:47 | Build | Settlement |
| 8:54 | Age | Feudal Age |
| 8:56 | Create | Villager (Male) |
| 9:04 | Research | Tech 1402 |
| 9:12 | Create | Villager (Male) |
| 9:37 | Build | Watch Tower |
| 9:37 | Create | Villager (Male) |
| 9:53 | Build | Archery Range |
| 9:59 | Create | Villager (Male) |
| 10:24 | Create | Villager (Male) |
| 10:32 | Build | Farm |
| 10:42 | Build | Watch Tower |
| 10:47 | Create | Villager (Male) |
| 10:54 | Create | Villager (Male) |
| 11:06 | Create | Archer |
| 11:07 | Build | House |
| 11:17 | Build | Palisade Wall |
| 11:18 | Build | Palisade Wall |
| 11:18 | Build | Palisade Wall |
| 11:19 | Build | Palisade Wall |
| 11:31 | Build | Farm |
| 11:43 | Create | Villager (Male) |
| 11:48 | Create | Archer |
| 11:55 | Build | Farm |
| 12:03 | Create | Villager (Male) |
| 12:17 | Create | Archer |
| 12:25 | Create | Villager (Male) |
| 12:33 | Build | Settlement |
| 12:52 | Create | Villager (Male) |
| 13:01 | Create | Archer |
| 13:09 | Research | Double-Bit Axe |
| 13:09 | Research | Double-Bit Axe |
| 13:21 | Create | Villager (Male) |
| 13:28 | Create | Archer |
| 13:43 | Build | Watch Tower |
| 13:48 | Create | Villager (Male) |
| 13:53 | Build | Farm |
| 13:53 | Build | Farm |
| 14:08 | Create | Villager (Male) |
| 14:23 | Build | Watch Tower |
| 14:30 | Create | Archer |
| 14:36 | Create | Villager (Male) |
| 14:56 | Create | Villager (Male) |
| 15:00 | Create | Villager (Male) |
| 15:15 | Create | Archer |
| 15:16 | Build | Blacksmith |
| 15:28 | Create | Villager (Male) |
| 15:33 | Create | Villager (Male) |
| 15:36 | Create | Villager (Male) |
| 15:38 | Create | Villager (Male) |
| 15:53 | Research | Fletching |
| 15:55 | Create | Villager (Male) |
| 15:59 | Build | Watch Tower |
| 16:03 | Create | Archer |
| 16:09 | Create | Villager (Male) |
| 16:20 | Create | Villager (Male) |
| 16:29 | Build | Palisade Wall |
| 16:32 | Create | Villager (Male) |
| 16:55 | Create | Archer |
| 17:02 | Create | Villager (Male) |
| 17:16 | Create | Archer |
| 17:16 | Create | Unit 2550 |
| 17:22 | Build | Farm |
| 17:24 | Build | Farm |
| 17:25 | Build | Farm |
| 17:30 | Build | House |
| 17:33 | Research | Scale Mail Armor |
| 17:34 | Create | Unit 2550 |
| 17:35 | Create | Archer |
| 17:41 | Create | Villager (Male) |
| 17:55 | Build | Watch Tower |
| 17:57 | Create | Archer |
| 17:59 | Create | Villager (Male) |
| 18:00 | Create | Unit 2550 |
| 18:02 | Build | House |
| 18:07 | Build | House |
| 18:07 | Create | Villager (Male) |
| 18:09 | Create | Villager (Male) |
| 18:23 | Create | Villager (Male) |
| 18:30 | Create | Archer |
| 18:38 | Create | Archer |
| 18:39 | Create | Villager (Male) |
| 18:48 | Build | Farm |
| 19:04 | Create | Unit 2550 |
| 19:07 | Research | Horse Collar |
| 19:09 | Build | Farm |
| 19:11 | Build | Farm |
| 19:11 | Build | Farm |
| 19:19 | Build | Farm |
| 19:20 | Build | Farm |
| 19:20 | Build | Farm |
| 19:34 | Create | Archer |
| 19:37 | Create | Unit 2550 |
| 19:40 | Create | Villager (Male) |
| 19:53 | Create | Archer |
| 19:57 | Build | Watch Tower |
| 19:59 | Build | Farm |
| 20:00 | Build | Farm |
| 20:13 | Create | Archer |
| 20:14 | Create | Unit 2550 |
| 20:20 | Build | Palisade Wall |
| 20:21 | Build | Palisade Wall |
| 20:22 | Create | Villager (Male) |
| 20:26 | Build | Market |
| 20:28 | Build | House |
| 20:31 | Create | Villager (Male) |
| 20:35 | Build | Watch Tower |
| 20:37 | Create | Villager (Male) |
| 20:39 | Build | Palisade Wall |
| 20:40 | Build | Farm |
| 20:40 | Build | Farm |
| 20:49 | Build | Watch Tower |
| 21:03 | Create | Villager (Male) |
| 21:11 | Create | Villager (Male) |
| 21:17 | Create | Archer |
| 21:20 | Create | Unit 2550 |
| 21:25 | Create | Villager (Male) |
| 21:36 | Build | Palisade Wall |
| 21:36 | Build | Palisade Wall |
| 21:58 | Build | Settlement |
| 22:05 | Create | Archer |
| 22:16 | Create | Villager (Male) |
Build order — OJP
First 150 of 219 actions detected
| 0:00 | Create | Villager (Male) |
| 0:01 | Build | House |
| 0:02 | Build | House |
| 0:04 | Create | Villager (Male) |
| 0:15 | Create | Villager (Male) |
| 0:16 | Create | Villager (Male) |
| 1:26 | Create | Villager (Male) |
| 1:47 | Build | Lumber Camp |
| 1:58 | Create | Villager (Male) |
| 2:15 | Create | Villager (Male) |
| 2:48 | Create | Villager (Male) |
| 3:10 | Create | Villager (Male) |
| 3:32 | Research | Double-Bit Axe |
| 3:43 | Create | Villager (Male) |
| 3:56 | Build | House |
| 4:00 | Create | Villager (Male) |
| 4:25 | Build | Palisade Wall |
| 4:39 | Create | Villager (Male) |
| 4:48 | Create | Villager (Male) |
| 5:01 | Build | Mill |
| 5:07 | Create | Villager (Male) |
| 5:22 | Create | Villager (Male) |
| 5:30 | Research | Loom |
| 5:32 | Build | Palisade Wall |
| 5:35 | Build | Palisade Wall |
| 5:36 | Build | Palisade Wall |
| 6:05 | Build | Palisade Wall |
| 6:13 | Build | Palisade Wall |
| 6:14 | Build | Palisade Wall |
| 6:34 | Build | House |
| 6:45 | Build | Palisade Wall |
| 6:56 | Research | Feudal Age |
| 6:57 | Research | Feudal Age |
| 7:22 | Build | Palisade Wall |
| 7:53 | Create | Villager (Male) |
| 7:57 | Build | Palisade Wall |
| 8:08 | Build | Palisade Wall |
| 8:20 | Build | Barracks |
| 8:38 | Build | Palisade Wall |
| 8:49 | Create | Villager (Male) |
| 9:00 | Build | Mining Camp |
| 9:06 | Age | Feudal Age |
| 9:08 | Build | Palisade Wall |
| 9:10 | Build | Palisade Wall |
| 9:15 | Build | Palisade Wall |
| 9:18 | Create | Flemish Militia |
| 9:21 | Create | Villager (Male) |
| 9:25 | Build | Archery Range |
| 9:37 | Build | Palisade Gate |
| 9:43 | Create | Villager (Male) |
| 9:52 | Create | Villager (Male) |
| 9:55 | Build | Palisade Wall |
| 9:56 | Build | Palisade Wall |
| 9:59 | Create | Flemish Militia |
| 10:05 | Create | Villager (Male) |
| 10:13 | Build | House |
| 10:19 | Create | Villager (Male) |
| 10:22 | Create | Flemish Militia |
| 10:31 | Build | House |
| 10:54 | Build | Palisade Wall |
| 10:54 | Build | Palisade Wall |
| 10:54 | Build | Palisade Wall |
| 10:59 | Build | Palisade Wall |
| 10:59 | Build | Palisade Wall |
| 10:59 | Build | Palisade Wall |
| 11:02 | Build | Palisade Wall |
| 11:09 | Create | Villager (Male) |
| 11:17 | Create | Archer |
| 11:18 | Build | Mill |
| 11:24 | Create | Villager (Male) |
| 11:27 | Build | House |
| 11:29 | Build | Farm |
| 11:44 | Create | Villager (Male) |
| 11:54 | Build | Palisade Wall |
| 11:56 | Build | House |
| 11:57 | Build | House |
| 12:01 | Build | House |
| 12:03 | Build | House |
| 12:03 | Create | Villager (Male) |
| 12:13 | Build | Mining Camp |
| 12:19 | Build | Farm |
| 12:34 | Create | Villager (Male) |
| 12:39 | Build | Farm |
| 12:46 | Build | Palisade Wall |
| 12:51 | Create | Villager (Male) |
| 12:53 | Build | Farm |
| 13:00 | Create | Archer |
| 13:13 | Build | Farm |
| 13:14 | Create | Villager (Male) |
| 13:27 | Create | Skirmisher |
| 13:35 | Build | Farm |
| 13:50 | Build | House |
| 13:59 | Build | Watch Tower |
| 14:10 | Create | Villager (Male) |
| 14:15 | Create | Archer |
| 14:20 | Create | Villager (Male) |
| 14:30 | Build | Farm |
| 14:31 | Create | Villager (Male) |
| 14:46 | Create | Skirmisher |
| 14:51 | Build | Mining Camp |
| 14:55 | Create | Villager (Male) |
| 15:02 | Create | Skirmisher |
| 15:24 | Build | Palisade Wall |
| 15:36 | Create | Skirmisher |
| 15:40 | Create | Flemish Militia |
| 15:40 | Create | Villager (Male) |
| 15:41 | Create | Villager (Male) |
| 16:08 | Build | Watch Tower |
| 16:10 | Create | Skirmisher |
| 16:18 | Create | Villager (Male) |
| 16:22 | Create | Skirmisher |
| 16:30 | Create | Villager (Male) |
| 16:39 | Build | House |
| 16:41 | Build | Palisade Wall |
| 17:00 | Create | Skirmisher |
| 17:03 | Create | Villager (Male) |
| 17:05 | Build | Blacksmith |
| 17:13 | Create | Flemish Militia |
| 17:14 | Create | Flemish Militia |
| 17:27 | Research | Fletching |
| 17:34 | Create | Flemish Militia |
| 17:35 | Create | Villager (Male) |
| 17:47 | Create | Skirmisher |
| 18:03 | Create | Skirmisher |
| 18:14 | Create | Skirmisher |
| 18:17 | Create | Skirmisher |
| 18:17 | Create | Skirmisher |
| 18:23 | Research | Padded Archer Armor |
| 18:30 | Create | Skirmisher |
| 18:37 | Create | Skirmisher |
| 18:44 | Create | Flemish Militia |
| 18:44 | Create | Flemish Militia |
| 18:57 | Create | Villager (Male) |
| 18:57 | Create | Villager (Male) |
| 18:58 | Build | Farm |
| 19:06 | Create | Flemish Militia |
| 19:12 | Build | Market |
| 19:13 | Create | Villager (Male) |
| 19:49 | Create | Villager (Male) |
| 19:53 | Build | Farm |
| 19:54 | Create | Villager (Male) |
| 20:00 | Create | Skirmisher |
| 20:07 | Create | Villager (Male) |
| 20:17 | Create | Flemish Militia |
| 20:17 | Create | Flemish Militia |
| 20:26 | Build | Farm |
| 20:28 | Research | Horse Collar |
| 20:29 | Create | Villager (Male) |
| 20:30 | Create | Skirmisher |
| 20:37 | Build | Farm |
Match timeline
| 4:25 | OJP · wall_segment Palisade Wall x1 |
| 4:56 | Speed · first_building Barracks |
| 5:32 | OJP · wall_segment Palisade Wall x1 |
| 5:35 | OJP · wall_segment Palisade Wall x1 |
| 5:36 | OJP · wall_segment Palisade Wall x5 |
| 6:05 | OJP · wall_segment Palisade Wall x6 |
| 6:13 | OJP · wall_segment Palisade Wall x1 |
| 6:14 | OJP · wall_segment Palisade Wall x1 |
| 6:45 | OJP · wall_segment Palisade Wall x11 |
| 7:22 | OJP · wall_segment Palisade Wall x11 |
| 7:57 | OJP · wall_segment Palisade Wall x1 |
| 8:08 | OJP · wall_segment Palisade Wall x5 |
| 8:20 | OJP · first_building Barracks |
| 8:38 | OJP · wall_segment Palisade Wall x1 |
| 8:54 | Speed · age_up feudal |
| 9:06 | OJP · age_up feudal |
| 9:08 | OJP · wall_segment Palisade Wall x1 |
| 9:10 | OJP · wall_segment Palisade Wall x1 |
| 9:15 | OJP · wall_segment Palisade Wall x1 |
| 9:25 | OJP · first_building Archery Range |
| 9:53 | Speed · first_building Archery Range |
| 9:55 | OJP · wall_segment Palisade Wall x1 |
| 9:56 | OJP · wall_segment Palisade Wall x1 |
| 10:54 | OJP · wall_segment Palisade Wall x1 |
| 10:54 | OJP · wall_segment Palisade Wall x1 |
| 10:54 | OJP · wall_segment Palisade Wall x1 |
| 10:59 | OJP · wall_segment Palisade Wall x1 |
| 10:59 | OJP · wall_segment Palisade Wall x1 |
| 10:59 | OJP · wall_segment Palisade Wall x1 |
| 11:02 | OJP · wall_segment Palisade Wall x2 |
| 11:17 | Speed · wall_segment Palisade Wall x1 |
| 11:18 | Speed · wall_segment Palisade Wall x1 |
| 11:18 | Speed · wall_segment Palisade Wall x1 |
| 11:19 | Speed · wall_segment Palisade Wall x1 |
| 11:54 | OJP · wall_segment Palisade Wall x1 |
| 12:46 | OJP · wall_segment Palisade Wall x1 |
| 15:24 | OJP · wall_segment Palisade Wall x1 |
| 16:29 | Speed · wall_segment Palisade Wall x1 |
| 16:41 | OJP · wall_segment Palisade Wall x1 |
| 20:04 | OJP · first_market_sell 100 stone |
| 20:05 | OJP · first_market_buy 100 food |
| 20:20 | Speed · wall_segment Palisade Wall x5 |
| 20:21 | Speed · wall_segment Palisade Wall x3 |
| 20:39 | Speed · wall_segment Palisade Wall x1 |
| 21:36 | Speed · wall_segment Palisade Wall x1 |
| 21:36 | Speed · wall_segment Palisade Wall x1 |
| 23:51 | Speed · wall_segment Palisade Wall x1 |
| 23:52 | Speed · wall_segment Palisade Wall x1 |
| 23:53 | Speed · wall_segment Palisade Wall x1 |
| 23:56 | Speed · wall_segment Palisade Wall x1 |
| 25:36 | Speed · wall_segment Palisade Wall x1 |
| 25:37 | Speed · wall_segment Palisade Wall x1 |
| 25:38 | Speed · wall_segment Palisade Wall x1 |
| 26:05 | Speed · wall_segment Palisade Wall x1 |
| 26:06 | Speed · wall_segment Palisade Wall x1 |
| 26:06 | Speed · wall_segment Palisade Wall x1 |
| 26:25 | OJP · wall_segment Palisade Wall x1 |
| 26:31 | OJP · wall_segment Palisade Wall x1 |
| 27:28 | OJP · wall_segment Stone Wall x4 |
| 27:29 | Speed · age_up castle |
| 27:36 | Speed · first_building Castle |
| 27:46 | OJP · wall_segment Stone Wall x1 |
| 27:51 | OJP · wall_segment Stone Wall x1 |
| 27:57 | OJP · wall_segment Stone Wall x1 |
| 28:09 | OJP · wall_segment Stone Wall x1 |
| 28:10 | Speed · wall_segment Palisade Wall x1 |
| 28:11 | Speed · wall_segment Palisade Wall x1 |
| 28:21 | OJP · age_up castle |
| 29:33 | OJP · resign |
[ AI ANALYSIS · 1 CREDIT ]
What really happened in this match?
Wolo.gg analyzes every decision: build order, eco, micro, common mistakes by bracket. Personalized analysis on WhatsApp or Discord in 30 seconds.
Civ guide
Incas
Perfil
Jugador #17731854